 Dungeon Crawl Stone Soup version 0.31.0-1-g2c135a008e (webtiles) character file.

Game seed: 5649162308948214877

623 qw the Shooter (level 7, -3/52 HPs)
             Began as a Djinni Hunter on Jan 23, 2024.
             Was an Initiate of Okawaru.
             Shot with an arrow by a centaur (8 damage)
             ... on level 5 of the Dungeon.
             The game lasted 00:00:19 (3922 turns).

qw the Shooter (Djinni Hunter)                      Turns: 3922, Time: 00:00:19

Health: -3/52      AC:  6    Str: 10    XL:     7   Next: 75%
Gold:   184        EV: 16    Int: 11    God:    Okawaru [......] SH:  0 Dex: 18

rFire   + + .        a - +1 shortbow (heavy)
rCold   . . .        (shield currently unavailable)
rNeg    . . .        g - +0 ring mail
rPois   inf          (no helmet)
rElec   .            (no cloak)
rCorr   .            c - +0 pair of gloves
SInv    .            (boots unavailable)
Will    .....        (no amulet)
Stlth   +            d - ring of protection from cold
HPRegen 0.28/turn    m - +5 ring of evasion
MPRegen 0.00/turn

%: infuse magic (-4 HP)
@: flying
A: sickness immunity, fire resistance 2, cold vulnerability 1, float, innate
caster, HP casting, extra vitality 1
a: Renounce Religion


You were on level 5 of the Dungeon.
You worshipped Okawaru.
Okawaru was noncommittal.
You visited 2 branches of the dungeon, and saw 6 of its levels.

You collected 239 gold pieces.
You spent 55 gold pieces at shops.


Innate Abilities, Weirdness & Mutations

You are immune to sickness and miasma.
You are immune to poison.
Your flesh is very heat resistant. (rF++)
You are vulnerable to cold. (rC-)
You float through the air rather than walking.
You learn spells naturally, not from books.
Your magical power is your life essence.
You have superior vitality. (+4 MHP)


   Skills:
 - Level 4.0 Fighting
 + Level 6.2 Ranged Weapons
 - Level 2.1 Armour
 - Level 3.0 Dodging
 - Level 0.7 Stealth


You knew the following spells:

 Your Spells              Type           Power      Damage    Failure   Level
a - Apportation           Tloc           0%         N/A       65%         1
b - Ensorcelled Hibernat  Hex/Ice        0%         N/A       80%         2
c - Hailstorm             Conj/Ice       0%         3d5       95%         3
Your spell library was empty.

Inventory:

Hand Weapons
 a - a +1 heavy shortbow (weapon)
Armour
 c - a +0 pair of gloves (worn)
 g - a +0 ring mail (worn)
Jewellery
 d - a ring of protection from cold (left hand)
 i - an amulet of the acrobat
 m - a +5 ring of evasion (right hand)
Wands
 b - a wand of flame (20)
Potions
 e - 2 potions of heal wounds
 f - 7 potions of curing
 h - 2 potions of enlightenment

Dungeon Overview and Level Annotations

Branches:
Dungeon (5/15)             Temple (1/1) D:4

Altars:
Ashenzari
Cheibriados
Dithmenos
Elyvilon
Fedhas
Gozag
Hepliaklqana
Makhleb
Okawaru
Qazlal
Ru
Wu Jian
Xom
Zin
The Shining One

Shops:
D:1 !   D:4 :

Annotations:
D:2 1 runed translucent door, Crazy Yiuf
D:5 Pikel


Message History

You shoot an arrow. The arrow barely misses the hound.
The hound closely misses you. The hound bites you but does no damage.
The hound bites you.
You shoot an arrow. The arrow hits the hound.
The hound is heavily wounded.
The hound bites you but does no damage. The hound closely misses you.
The hound barely misses you.
You shoot an arrow. The arrow completely misses the hound.
The centaur shouts!
The centaur wields a +0 shortbow.
The centaur shoots an arrow.
The arrow hits you. The hound barely misses you.
The centaur shoots an arrow.
The arrow hits you. The hound bites you.
The centaur shoots an arrow.
The arrow misses you. The hound closely misses you.
You shoot an arrow. The arrow hits the hound!!
You kill the hound!
Okawaru accepts your kill.
The centaur shoots an arrow.
The arrow hits you.
The centaur shoots an arrow.
The arrow closely misses you.
You shoot an arrow. The arrow barely misses the centaur.
The centaur shoots an arrow.
The arrow completely misses you.
The centaur shoots an arrow.
The arrow hits you!
You shoot an arrow. The arrow closely misses the centaur.
The centaur shoots an arrow.
The arrow completely misses you.
The centaur shoots an arrow.
The arrow closely misses you.
Pikel, Merchant of Souls comes into view.
He is wielding a +0 whip of flaming.
You shoot an arrow.
Pikel shouts!
The arrow hits the centaur!
The centaur is severely wounded.
You hear a shout!
The centaur shoots an arrow.
The arrow closely misses you.
The centaur shoots an arrow.
The arrow hits you.
You shoot an arrow. The arrow hits the centaur.
The centaur is almost dead.
The centaur shoots an arrow.
The arrow hits you!
The centaur shoots an arrow.
The arrow misses you.
You shoot an arrow. The arrow barely misses Pikel.
The centaur shoots an arrow.
The arrow hits you!
The centaur shoots an arrow.
The arrow closely misses you.
The centaur shoots an arrow.
The arrow hits you!
You die...

...~.# c#...... ..~.#
#......# ..~.# #......#
..~.# #......# ..~.#
#......# ..~.# #....#
..~.######. #....###.
..~.......#######K........
..~~~~~~~~..c...@%..#...h.
.............###..........
.............# #..........
.............# ####.......
.............# ...####
........>....# ...#
#.....#####.## ...#
#.#########.# ..# #.#
#.......#


You could see Pikel and a centaur.

Vanquished Creatures
  An ogre (D:5)
  2 lemures (D:5)
  A gnoll sergeant (D:5)
  2 scorpions
  A jelly (D:3)
  2 hounds
  A sleepcap (D:5)
  2 orc priests
  3 gnolls
  7 adders
  3 ribbon worms
  7 dart slugs
  3 orcs
  6 ball pythons
  3 bats
  4 endoplasms
  A giant cockroach (D:1)
  11 goblins
  8 hobgoblins
  5 quokkas
  4 frilled lizards
  6 kobolds
  5 rats
88 creatures vanquished.

Notes
Turn   | Place    | Note
-------+----------+-------------------------------------------
     0 | D:1      | qw the Djinni Hunter began the quest for the Orb.
     0 | D:1      | Reached XP level 1. HP: 18/18 MP: 0/0
     0 | D:1      | 0 ||| qw: Version: 0.3-a-134-g2ba4250
     0 | D:1      | 0 ||| qw: Game counter: 679
     0 | D:1      | 0 ||| qw: Melee chars always use a shield: true
     0 | D:1      | 0 ||| qw: God list: Okawaru
     0 | D:1      | 0 ||| qw: Allow faded altars: false
     0 | D:1      | 0 ||| qw: Do Orc after clearing Dungeon:15 true
     0 | D:1      | 0 ||| qw: Do second Lair branch before Depths: true
     0 | D:1      | 0 ||| qw: Lair rune preference: random
     0 | D:1      | 0 ||| qw: Goals: Normal
     0 | D:1      | 0 ||| PLANNING D:1-11
   234 | D:1      | Reached XP level 2. HP: 23/23 MP: 0/0
   395 | D:1      | Reached skill level 4 in Ranged Weapons
   395 | D:1      | Reached XP level 3. HP: 28/28 MP: 0/0
   395 | D:1      | Learned a level 1 spell: Apportation
   681 | D:1      | Found Emomp's Distillery.
   697 | D:1      | 697 ||| BUYING potion of enlightenment (55 gold).
   697 | D:1      | Bought a potion of enlightenment for 55 gold pieces
   697 | D:1      | 697 ||| SHOPLISTING potion of heal wounds (55 gold, have
                  | 20).
   697 | D:1      | 697 ||| SHOPLISTING potion of mutation (88 gold, have 20).
   819 | D:1      | 819 ||| UPGRADING to ring of protection from cold.
   820 | D:1      | 820 ||| READING scroll labelled YPPYUT MEIHUEL.
   820 | D:1      | 820 ||| IDENTIFYING 3 purple potions
   821 | D:1      | 821 ||| READING scroll labelled ENNEUSHEKI.
   822 | D:1      | 822 ||| DROPPING scroll of butterflies.
  1009 | D:2      | Found a runed translucent door.
  1010 | D:2      | Noticed Crazy Yiuf
  1284 | D:2      | Reached skill level 3 in Fighting
  1284 | D:2      | Reached XP level 4. HP: 22/35 MP: 0/0
  1720 | D:2      | 1720 ||| READING 2 scrolls labelled VITZUZ JOUTU.
  1721 | D:2      | 1721 ||| READING scroll labelled WURICSUENU.
  1721 | D:2      | 1721 ||| BRANDING +0 shortbow.
  1722 | D:2      | 1722 ||| DROPPING scroll of amnesia.
  1799 | D:3      | Reached skill level 3 in Dodging
  1895 | D:3      | Reached XP level 5. HP: 40/40 MP: 0/0
  1895 | D:3      | Learned a level 2 spell: Ensorcelled Hibernation
  1929 | D:3      | Found a shadowy altar of Dithmenos.
  1931 | D:3      | Found an opulent altar of Gozag.
  1935 | D:3      | Found a glowing silver altar of Zin.
  2247 | D:3      | 2247 ||| UPGRADING to +0 ring mail.
  2257 | D:3      | 2257 ||| DROPPING +0 leather armour.
  2258 | D:3      | 2258 ||| DROPPING ring of wizardry.
  2259 | D:3      | 2259 ||| UPGRADING to +5 ring of evasion.
  2260 | D:3      | 2260 ||| READING scroll of identify.
  2260 | D:3      | 2260 ||| IDENTIFYING fuming green potion
  2261 | D:3      | 2261 ||| READING scroll labelled MAHUFE WEBO.
  2331 | D:3      | 2331 ||| READING scroll labelled DELESMIAQA.
  2331 | D:3      | 2331 ||| ENCHANTING +0 heavy shortbow.
  2332 | D:3      | 2332 ||| DRINKING 2 sapphire potions.
  2333 | D:3      | 2333 ||| DROPPING potion of invisibility.
  2349 | D:4      | 2349 ||| STAIRDANCE
  2389 | D:4      | 2389 ||| STAIRDANCE
  2395 | D:3      | HP: 6/40 [scorpion (6)]
  2396 | D:3      | 2396 ||| DRINKING potion of heal wounds.
  2399 | D:3      | Reached XP level 6. HP: 35/46 MP: 0/0
  2438 | D:4      | 2438 ||| STAIRDANCE
  2445 | D:3      | Reached skill level 5 in Ranged Weapons
  2555 | D:4      | 2555 ||| STAIRDANCE
  2613 | D:4      | 2613 ||| STAIRDANCE
  2654 | D:4      | 2654 ||| FLEEEEING.
  2655 | D:4      | 2655 ||| FLEEEEING.
  2656 | D:4      | 2656 ||| FLEEEEING.
  2657 | D:4      | 2657 ||| STAIRDANCE
  2747 | D:4      | 2747 ||| STAIRDANCE
  2779 | D:4      | Found a staircase to the Ecumenical Temple.
  2780 | D:4      | 2780 ||| PLANNING TEMPLE
  2780 | D:4      | 2780 ||| UPGRADING to +0 pair of gloves.
  2798 | Temple   | Entered the Ecumenical Temple
  2799 | Temple   | 2799 ||| PLANNING OKAWARU WORSHIP
  2802 | Temple   | Became a worshipper of Warmaster Okawaru
  2803 | Temple   | 2803 ||| PLANNING D:1-11
  2825 | D:4      | 2825 ||| READING scroll labelled HIQIWI KAHEO.
  3132 | D:4      | Found Lyxeymirch's Book Emporium.
  3371 | D:4      | 3371 ||| READING 2 scrolls of identify.
  3371 | D:4      | 3371 ||| IDENTIFYING amethyst potion
  3372 | D:4      | 3372 ||| READING scroll of identify.
  3372 | D:4      | 3372 ||| IDENTIFYING scroll labelled MIT WATIMEUR
  3373 | D:4      | 3373 ||| READING scroll labelled VAEXAR XEELAAP.
  3374 | D:4      | 3374 ||| READING scroll labelled TOZAKEBUZA.
  3378 | D:4      | 3378 ||| DROPPING scroll of revelation.
  3379 | D:4      | 3379 ||| DROPPING potion of lignification.
  3385 | D:5      | Entered Level 5 of the Dungeon
  3387 | D:5      | 3387 ||| STAIRDANCE
  3462 | D:5      | 3462 ||| STAIRDANCE
  3468 | D:5      | 3468 ||| STAIRDANCE
  3495 | D:5      | Reached XP level 7. HP: 49/52 MP: 0/0
  3495 | D:5      | Learned a level 3 spell: Hailstorm
  3498 | D:5      | 3498 ||| STAIRDANCE
  3567 | D:5      | 3567 ||| STAIRDANCE
  3616 | D:5      | 3616 ||| STAIRDANCE
  3645 | D:5      | 3645 ||| STAIRDANCE
  3705 | D:5      | 3705 ||| STAIRDANCE
  3892 | D:5      | Reached skill level 6 in Ranged Weapons
  3902 | D:5      | 3902 ||| RETREEEEATING.
  3907 | D:5      | 3907 ||| RETREEEEATING.
  3919 | D:5      | Noticed Pikel
  3922 | D:5      | HP: 5/52 [centaur/arrow (10)]
  3922 | D:5      | Shot with an arrow by a centaur

Levels and vault maps discovered:
D:1:      matt_arrival_los_fun, layout_basic, serial_shops,
          nicolae_shop_gibbet_a_chance, minmay_misc_feat_secret_circle
D:2:      wad_lake_hut, layout_loops_ring, uniq_crazy_yiuf_cottage
D:3:      layout_rooms, gammafunk_temple_overflow_forgotten, minivault_27,
          minmay_misc_feat_rugged, minmay_cut_off
D:4:      layout_basic, minmay_temple_entry_grid, serial_shops,
          kennysheep_little_box, grunt_ministairs_2
D:5:      layout_basic, lightli_temple_of_fire, nicolae_overflow_squiral,
          serial_rivers, chequers_serial_rivers_micro_e,
          chequers_serial_rivers_micro_c, chequers_serial_rivers_large_a,
          chequers_serial_rivers_marsh, grunt_ministairs_10, uniq_pikel
Temple:   hellmonk_temple_two_chambers

Skill      XL: |  1  2  3  4  5  6  7 |
---------------+----------------------+-----
Ranged Weapons | 4 5 6 |  6.2
Fighting       | 3 4 |  4.0
Dodging        | 3 |  3.0
Armour         | 2 |  2.1
Stealth        | |  0.7

Action                     |  1- 3 |  4- 6 |  7- 9 || total
---------------------------+-------+-------+-------++-------
   Fire: Shortbow          |    74 |   113 |    53 ||   240
    Use: Scroll            |     2 |    10 |       ||    12
         Potion            |       |     2 |       ||     2
 Armour: Leather armour    |    10 |     7 |       ||    17
         Ring mail         |       |    30 |    36 ||    66
  Dodge: Dodged            |    16 |    50 |    45 ||   111

Table legend:
 A = Non-vault XP
 B = Vault XP
 C = Vault XP percentage of total XP
 D = Non-vault monster count
 E = Vault monster count
 F = Vault count percentage of total count
                 A         B        C        D         E       F
            +---------+---------+-------+---------+---------+-------
      Total |     869 |      21 |   2.4 |      81 |       5 |   5.8
            +---------+---------+-------+---------+---------+-------
        D:1 |      37 |       0 |   0.0 |      17 |       0 |   0.0
        D:2 |      40 |       0 |   0.0 |      16 |       0 |   0.0
        D:3 |     263 |      17 |   6.1 |      28 |       3 |   9.7
        D:4 |     231 |       4 |   1.7 |      15 |       2 |  11.8
        D:5 |     298 |       0 |   0.0 |       5 |       0 |   0.0
            +---------+---------+-------+---------+---------+-------
